MLB
SEATTLE MARINERS @ LOS ANGELES ANGELS
05/05/2099
 
TOP OF THE 1ST
Seattle Mariners batting - Pitching for Los Angeles Angels : RHP Nick Dixon
Pitching: RHP Nick Dixon
Batting: LHB Juan Aranda 0-0: Called Strike
0-1: Ball
1-1: Swinging Strike
1-2: Foul Ball, location: 5FF
1-2: Ground out 4-3 (Groundball, 4, EV 86.3 MPH)
Batting: RHB Jaime Callahan 0-0: Foul Ball, location: 5F
0-1: Called Strike
0-2: Fly out, F9 (Flyball, 89S, EV 83.1 MPH)
Batting: SHB John Brownfield 0-0: Ball
1-0: Ball
2-0: SINGLE (Groundball, 34D, EV 101.9 MPH)
Batting: RHB Jonathan Becktell 0-0: Called Strike
John Brownfield is caught stealing 2nd base 2-4
Top of the 1st over - 0 runs, 1 hit, 0 errors, 0 left on base; Seattle 0 - Los Angeles 0
BOTTOM OF THE 1ST
Los Angeles Angels batting - Pitching for Seattle Mariners : LHP Luis Lopez
Pitching: LHP Luis Lopez
Batting: RHB Matthew Allen 0-0: Ball
1-0: Ground out 6-3 (Groundball, 6, EV 83.8 MPH)
Batting: RHB Mel Garcia 0-0: Called Strike
0-1: Called Strike
0-2: Ball
1-2: Strikes out swinging
Batting: RHB Jimmy Powell 0-0: Called Strike
0-1: Ground out 5-3 (Groundball, 56S, EV 65.0 MPH)
Bottom of the 1st over - 0 runs, 0 hits, 0 errors, 0 left on base; Seattle 0 - Los Angeles 0
TOP OF THE 2ND
Seattle Mariners batting - Pitching for Los Angeles Angels : RHP Nick Dixon
Batting: RHB Jonathan Becktell 0-0: Ball
1-0: Swinging Strike
1-1: Called Strike
1-2: Strikes out looking
Batting: RHB Joe Weber 0-0: Ball
1-0: Called Strike
1-1: Ball
2-1: Swinging Strike
2-2: Foul Ball, location: 9LSF
2-2: Strikes out swinging
Batting: RHB Kenny Dahl 0-0: Called Strike
0-1: Ball
1-1: Swinging Strike
1-2: Ball
2-2: Strikes out looking
Top of the 2nd over - 0 runs, 0 hits, 0 errors, 0 left on base; Seattle 0 - Los Angeles 0
BOTTOM OF THE 2ND
Los Angeles Angels batting - Pitching for Seattle Mariners : LHP Luis Lopez
Batting: LHB Matt Evans 0-0: Called Strike
0-1: Foul Ball, location: 2F
0-2: Ball
1-2: Ball
2-2: Strikes out swinging
Batting: RHB Fethi Yazîcîzâde 0-0: Called Strike
0-1: Fly out, F8 (Flyball, 89M, EV 86.9 MPH)
Batting: RHB David Whitehead 0-0: Ball
1-0: Foul Ball, location: 3FF
1-1: Ball
2-1: Called Strike
2-2: Ball
3-2: Foul Ball, location: 2F
3-2: Fly out, F8 (Line Drive, 8RM, EV 88.8 MPH)
Bottom of the 2nd over - 0 runs, 0 hits, 0 errors, 0 left on base; Seattle 0 - Los Angeles 0
TOP OF THE 3RD
Seattle Mariners batting - Pitching for Los Angeles Angels : RHP Nick Dixon
Pitching: LHP Juan Montes
Batting: LHB Omar Perez 0-0: Ball
1-0: Foul Ball, location: 7LSF
1-1: Ball
2-1: Foul Ball, location: 9LMF
2-2: Ball
3-2: Base on Balls
Batting: LHB Jon Garza 0-0: Called Strike
0-1: Called Strike
0-2: Ball
1-2: Ball
2-2: Foul Ball, location: 2F
2-2: Ball
3-2: Strikes out swinging
Omar Perez is caught stealing 2nd base 2-6
Batter strikes out.
Batting: RHB Brad Bargfrede 0-0: Called Strike
0-1: Ball
1-1: Swinging Strike
1-2: Ball
2-2: Ball
3-2: Ground out 6-3 (Groundball, 6, EV 83.1 MPH)
Top of the 3rd over - 0 runs, 0 hits, 0 errors, 0 left on base; Seattle 0 - Los Angeles 0
BOTTOM OF THE 3RD
Los Angeles Angels batting - Pitching for Seattle Mariners : LHP Luis Lopez
Pitching: RHP Danny Enriquez
Batting: RHB Mat Bushey 0-0: Ball
1-0: Fly out, F3 (Popup, 34, EV 71.3 MPH)
Batting: SHB Justin Williams 0-0: Ball
1-0: Swinging Strike
1-1: Foul Ball, location: 9LSF
1-2: Strikes out swinging
Batting: LHB Ken Calhoun 0-0: Ball
1-0: Called Strike
1-1: Ball
2-1: Ball
3-1: Foul Ball, location: 2F
3-2: Foul Ball, location: 9LMF
3-2: Foul Ball, location: 3F
3-2: Strikes out swinging
Bottom of the 3rd over - 0 runs, 0 hits, 0 errors, 0 left on base; Seattle 0 - Los Angeles 0
TOP OF THE 4TH
Seattle Mariners batting - Pitching for Los Angeles Angels : LHP Juan Montes
Batting: LHB Juan Aranda 0-0: Swinging Strike
0-1: Called Strike
0-2: Strikes out swinging
Batting: RHB Jaime Callahan 0-0: Called Strike
0-1: Ball
1-1: Fly out, F9 (Flyball, 9, EV 94.4 MPH)
Batting: SHB John Brownfield 0-0: SINGLE (Flyball, 56D, EV 95.0 MPH)
Batting: RHB Jonathan Becktell 0-0: SINGLE (Line Drive, 7S, EV 90.0 MPH)
John Brownfield to second
Batting: RHB Joe Weber 0-0: Called Strike
0-1: Ball
1-1: Fielders Choice at 2nd, 5-4 (Groundball, 56, EV 88.8 MPH)
Top of the 4th over - 0 runs, 2 hits, 0 errors, 2 left on base; Seattle 0 - Los Angeles 0
BOTTOM OF THE 4TH
Los Angeles Angels batting - Pitching for Seattle Mariners : RHP Danny Enriquez
Batting: RHB Matthew Allen 0-0: Called Strike
0-1: Swinging Strike
0-2: Ball
1-2: Ball
2-2: Ball
3-2: Strikes out looking
Batting: RHB Mel Garcia 0-0: Called Strike
0-1: Ball
1-1: Foul Ball, location: 9LDF
1-2: Ball
2-2: Ball
3-2: Foul Ball, location: 2F
3-2: Fly out, F8 (Line Drive, 8LM, EV 103.1 MPH)
Batting: RHB Jimmy Powell 0-0: Called Strike
0-1: Ball
1-1: Foul Ball, location: 2F
1-2: Ball
2-2: Strikes out swinging
Bottom of the 4th over - 0 runs, 0 hits, 0 errors, 0 left on base; Seattle 0 - Los Angeles 0
TOP OF THE 5TH
Seattle Mariners batting - Pitching for Los Angeles Angels : LHP Juan Montes
Batting: RHB Kenny Dahl 0-0: Ball
1-0: Fly out, F8 (Line Drive, 8LD, EV 86.9 MPH)
Batting: LHB Omar Perez 0-0: Foul Ball, location: 9LSF
0-1: Called Strike
0-2: Fly out, F9 (Line Drive, 9LS, EV 98.8 MPH)
Batting: LHB Jon Garza 0-0: Ground out 6-3 (Groundball, 6, EV 98.1 MPH)
Top of the 5th over - 0 runs, 0 hits, 0 errors, 0 left on base; Seattle 0 - Los Angeles 0
BOTTOM OF THE 5TH
Los Angeles Angels batting - Pitching for Seattle Mariners : RHP Danny Enriquez
Batting: LHB Matt Evans 0-0: Ball
1-0: Called Strike
1-1: Called Strike
1-2: Fly out, F3 (Popup, 34S, EV 84.4 MPH)
Batting: RHB Fethi Yazîcîzâde 0-0: Called Strike
0-1: Ball
1-1: Ball
2-1: Foul Ball, location: 3FF
2-2: Strikes out swinging
Pitching: RHP Kevin Riffel
Batting: RHB David Whitehead 0-0: Ball
1-0: Fly out, F4 (Popup, 34, EV 50.6 MPH)
Bottom of the 5th over - 0 runs, 0 hits, 0 errors, 0 left on base; Seattle 0 - Los Angeles 0
TOP OF THE 6TH
Seattle Mariners batting - Pitching for Los Angeles Angels : LHP Juan Montes
Batting: RHB Brad Bargfrede 0-0: Ball
1-0: Fly out, F9 (Flyball, 89S, EV 75.0 MPH)
Batting: LHB Juan Aranda 0-0: Ball
1-0: Foul Ball, location: 2F
1-1: Swinging Strike
1-2: SOLO HOME RUN (Line Drive, 8LXD, EV 110.0 MPH), Distance : 414 ft
Batting: RHB Jaime Callahan 0-0: Ball
1-0: Fly out, F7 (Flyball, 7LD, EV 106.9 MPH)
Batting: SHB John Brownfield 0-0: Called Strike
0-1: Ball
1-1: Ball
2-1: Foul Ball, location: 25F
2-2: Strikes out swinging
Top of the 6th over - 1 run, 1 hit, 0 errors, 0 left on base; Seattle 1 - Los Angeles 0
BOTTOM OF THE 6TH
Los Angeles Angels batting - Pitching for Seattle Mariners : RHP Kevin Riffel
Batting: RHB Mat Bushey 0-0: Called Strike
0-1: Ball
1-1: Called Strike
1-2: Ground out 6-3 (Groundball, 6, EV 86.3 MPH)
Batting: SHB Justin Williams 0-0: Ball
1-0: Ground out U3 (Groundball, 34, EV 82.5 MPH)
Batting: LHB Ken Calhoun 0-0: Foul Ball, location: 3FF
0-1: SINGLE (Line Drive, 34D, EV 96.9 MPH)
Batting: RHB Matthew Allen 0-0: Ball
1-0: SINGLE (Groundball, 23, EV 67.5 MPH) (infield hit)
Ken Calhoun to second
Batting: RHB Mel Garcia 0-0: Foul Ball, location: 2F
0-1: Swinging Strike
0-2: Strikes out swinging
Bottom of the 6th over - 0 runs, 2 hits, 0 errors, 2 left on base; Seattle 1 - Los Angeles 0
TOP OF THE 7TH
Seattle Mariners batting - Pitching for Los Angeles Angels : LHP Juan Montes
Batting: RHB Jonathan Becktell 0-0: Ball
1-0: Ball
2-0: SINGLE (Line Drive, 7LS, EV 109.4 MPH)
Batting: RHB Joe Weber 0-0: Foul Ball, location: 2F
0-1: Foul Ball, location: 2F
0-2: Foul Ball, location: 9LSF
0-2: Ball
1-2: Foul Ball, location: 2LF
1-2: Fly out, F9 (Flyball, 9S, EV 87.5 MPH)
Batting: RHB Kenny Dahl 0-0: Called Strike
0-1: Ball
1-1: Ball
2-1: Foul Ball, location: 9LDF
2-2: Ball
3-2: Fly out, F8 (Flyball, 8RD, EV 81.3 MPH)
Batting: RHB Anton Ortega 0-0: Swinging Strike
0-1: Ball
1-1: Ball
2-1: Foul Ball, location: 2F
2-2: Strikes out swinging
Top of the 7th over - 0 runs, 1 hit, 0 errors, 1 left on base; Seattle 1 - Los Angeles 0
BOTTOM OF THE 7TH
Los Angeles Angels batting - Pitching for Seattle Mariners : RHP Kevin Riffel
Batting: RHB Jimmy Powell 0-0: Ball
1-0: Ball
2-0: Fly out, F8 (Flyball, 89S, EV 87.5 MPH)
Pitching: LHP Jose Rebolloso
Batting: LHB Matt Evans 0-0: Ball
1-0: Foul Ball, location: 5F
1-1: Foul Ball, location: 23FF
1-2: Ball
2-2: Strikes out swinging
Batting: RHB Fethi Yazîcîzâde 0-0: Foul Ball, location: 2F
0-1: Foul Ball, location: 7LSF
0-2: Ball
1-2: Foul Ball, location: 2F
1-2: Ball
2-2: Fly out, F4 (Popup, 3S, EV 82.5 MPH)
Bottom of the 7th over - 0 runs, 0 hits, 0 errors, 0 left on base; Seattle 1 - Los Angeles 0
TOP OF THE 8TH
Seattle Mariners batting - Pitching for Los Angeles Angels : LHP Juan Montes
Batting: LHB Jon Garza 0-0: Ball
1-0: Ground out 4-3 (Groundball, 4, EV 103.1 MPH)
Batting: RHB Brad Bargfrede 0-0: Swinging Strike
0-1: Foul Ball, location: 2LF
0-2: Foul Ball, location: 2F
0-2: Ball
1-2: Ground out 6-3 (Groundball, 6, EV 81.3 MPH)
Batting: LHB Juan Aranda 0-0: Foul Ball, location: 5F
0-1: Ball
1-1: Swinging Strike
1-2: Foul Ball, location: 3FF
1-2: Strikes out swinging
Top of the 8th over - 0 runs, 0 hits, 0 errors, 0 left on base; Seattle 1 - Los Angeles 0
BOTTOM OF THE 8TH
Los Angeles Angels batting - Pitching for Seattle Mariners : LHP Jose Rebolloso
Pitching: RHP Tom Kingman
Batting: RHB David Whitehead 0-0: Ball
1-0: Foul Ball, location: 3FF
1-1: Ball
2-1: Ball
3-1: Base on Balls
Batting: RHB Mat Bushey 0-0: SINGLE (Line Drive, 89S, EV 89.4 MPH)
David Whitehead to second
Runner from 2nd tries for 3rd, SAFE, throw by RF made to third
Batting: SHB Justin Williams 0-0: Called Strike
0-1: Ball
1-1: Ball
2-1: DOUBLE (Line Drive, 9LS, EV 103.1 MPH)
David Whitehead scores
Mat Bushey to third
Runner from 3rd tries for Home, SAFE, throw by RF to trailing runner, SAFE at third!
Batting: LHB Ken Calhoun 0-0: 2-RUN HOME RUN (Flyball, 89XD, EV 100.6 MPH), Distance : 376 ft
Pitching: RHP Ernie Lydon
Batting: RHB Matthew Allen 0-0: Called Strike
0-1: Foul Ball, location: 9LDF
0-2: Ball
1-2: Strikes out swinging
Batting: RHB Mel Garcia 0-0: SINGLE (Line Drive, 78S, EV 103.1 MPH)
Batting: RHB Jimmy Powell 0-0: Ball
1-0: Ball
2-0: Ball
3-0: Base on Balls
Mel Garcia to second
Batting: LHB Matt Evans 0-0: Called Strike
0-1: Fly out, F8 (Flyball, 8RS, EV 85.0 MPH)
Batting: RHB Fethi Yazîcîzâde 0-0: Called Strike
0-1: Ball
1-1: Ball
2-1: Ball
3-1: Base on Balls
Mel Garcia to third
Jimmy Powell to second
Batting: RHB David Whitehead 0-0: Called Strike
0-1: Foul Ball, location: 5FF
0-2: SINGLE (Line Drive, 78S, EV 109.4 MPH)
Mel Garcia scores
Jimmy Powell to third
Fethi Yazîcîzâde to second
Runner from 3rd tries for Home, SAFE, throw by LF to home
Batting: RHB Mat Bushey 0-0: Swinging Strike
0-1: Ball
1-1: Foul Ball, location: 3DF
1-2: Strikes out swinging
Bottom of the 8th over - 6 runs, 5 hits, 0 errors, 2 left on base; Seattle 1 - Los Angeles 6
TOP OF THE 9TH
Seattle Mariners batting - Pitching for Los Angeles Angels : LHP Juan Montes
Batting: RHB Jaime Callahan 0-0: Ball
1-0: Ball
2-0: Ball
3-0: Called Strike
3-1: Base on Balls
Batting: SHB John Brownfield 0-0: Ball
1-0: Swinging Strike
1-1: Ball
2-1: Grounds into double play, 6-4-3 (Groundball, 6MD, EV 107.5 MPH)
Batting: RHB Jonathan Becktell 0-0: Ball
1-0: Ground out 6-3 (Groundball, 6, EV 83.1 MPH)
Top of the 9th over - 0 runs, 0 hits, 0 errors, 0 left on base; Seattle 1 - Los Angeles 6
Sunday, May 5th , 2024 - OOTP Baseball 24.11 Build 85